 Dungeon Crawl Stone Soup version 0.27-a0-1060-gcb85b5eba1 (webtiles) character file.

Game seed: 3378332694445667553

164 Ijustatesigmund the Skirmisher (level 5, -19/42 HPs)
             Began as a Demonspawn Fighter on Apr 21, 2021.
             Demolished by an ogre
             ... wielding a +0 giant club
              (28 damage)
             ... on level 4 of the Dungeon.
             The game lasted 00:03:56 (2558 turns).

Ijustatesigmund the Skirmisher (Demonspawn Fighter) Turns: 2558, Time: 00:03:56

Health: -19/42     AC:  8    Str: 16    XL:     5   Next: 21%
Magic:  5/5        EV:  7    Int: 10    God:
Gold:   87         SH:  8    Dex: 13    Spells: 4/4 levels left

rFire    . . .     SeeInvis .   a - +0 war axe
rCold    . . .     Faith    .   c - +0 kite shield
rNeg     . . .     Spirit   .   b - +0 scale mail
rPois    .         Reflect  .   (no helmet)
rElec    .         Harm     .   (no cloak)
rCorr    .         Rampage  .   (no gloves)
Will     .....                  (no boots)
Stlth    ..........             (no amulet)
HPRegen  0.14/turn              (no ring)
MPRegen  0.09/turn              (no ring)

@: mighty
A: yellow scales 1, powered by pain 1
a: no special abilities


You were on level 4 of the Dungeon.
You visited 1 branch of the dungeon, and saw 4 of its levels.

You collected 87 gold pieces.

Inventory:

Hand Weapons
 a - a +0 war axe (weapon)
Armour
 b - a +0 scale mail (worn)
 c - a +0 kite shield (worn)
Scrolls
 d - 2 scrolls of immolation
 f - 2 scrolls of teleportation
 g - 2 scrolls of identify


   Skills:
 + Level 3.9 Fighting
 * Level 3.7 Axes
 - Level 2.6 Armour
 + Level 2.0 Dodging
 - Level 2.6 Shields


You had 4 spell levels left.
You didn't know any spells.
Your spell library was empty.

Dungeon Overview and Level Annotations

Branches:
Dungeon (4/15)
 Temple: D:4-7

Altars:


Innate Abilities, Weirdness & Mutations

You are partially covered in yellow scales. (AC +2)
You sometimes gain a little power by taking damage.


Message History

You block the bullfrog skeleton's attack.
The hobgoblin hits you. The goblin hits you with a +0 dagger.
The bullfrog skeleton hits you.
You slash the bullfrog skeleton!
The bullfrog skeleton is almost destroyed.
You hit the goblin.
You kill the goblin!
You slash the hobgoblin!
You kill the hobgoblin!
The bullfrog skeleton closely misses you.
You block the bullfrog skeleton's attack.
You hit the bullfrog skeleton.
You destroy the bullfrog skeleton!
Your Dodging skill increases to level 2!
You have reached level 5!
An ogre comes into view. It is wielding a +0 giant club.
The ogre shouts!
You hear a shout!
Okay, then.
You barely miss the ogre. You block the ogre's attack.
You hit the ogre.
The ogre is lightly wounded.
The ogre hits you but does no damage. The ogre hits you with a +0 giant club!
You focus on the pain.
You feel very mighty all of a sudden.
A hobgoblin comes into view.
You barely miss the ogre.
The ogre is lightly wounded.
The ogre hits you with a +0 giant club!!
Ouch! That really hurt!
* * * LOW HITPOINT WARNING * * *
You are too injured to fight recklessly!
You feel much better. The ogre hits you with a +0 giant club!
* * * LOW HITPOINT WARNING * * *
You focus on the pain.
You feel mightier all of a sudden.
You slash the ogre!
The ogre is moderately wounded.
The ogre hits you with a +0 giant club!!
Ouch! That really hurt!
You die...

... ...... . ......
.. ...... ...
......#######....
.................
...................
..........@O..g...
#....##........###
#....##.)......#
#....##........#
#....##........#
#....##........#
#.........#.##...
#######.#######.#.#
...
.....##.#.....#.#.#


You could see an ogre and a hobgoblin.

Vanquished Creatures
  A bullfrog skeleton (D:4)
  Terence (D:2)
  A hound skeleton (D:4)
  3 adders
  2 worms (D:2)
  A dart slug (D:3)
  6 orcs (D:3)
  2 bats (D:2)
  3 endoplasms
  A giant cockroach (D:3)
  5 goblins
  3 hobgoblins
  4 quokkas
  A ball python (D:3)
  3 frilled lizards (D:2)
  2 kobolds
  22 rats
61 creatures vanquished.

Notes
Turn   | Place    | Note
-------+----------+-------------------------------------------
     0 | D:1      | Ijustatesigmund the Demonspawn Fighter began the quest for
                  | the Orb.
     0 | D:1      | Reached XP level 1. HP: 18/18 MP: 1/1
    20 | D:1      | You fall into a shaft and drop 1 floor!
    30 | D:2      | Gained mutation: You are partially covered in yellow
                  | scales. (AC +2) [demonic ancestry]
    30 | D:2      | Reached XP level 2. HP: 16/24 MP: 2/2
   176 | D:2      | Noticed Terence
   198 | D:2      | HP: 1/24 [Terence/+0 short sword (3)]
   202 | D:2      | Killed Terence
   203 | D:2      | Reached skill level 1 in Dodging
   203 | D:2      | Reached XP level 3. HP: 2/29 MP: 3/3
  1094 | D:2      | Found a faded altar of an unknown god.
  1276 | D:3      | Gained mutation: You sometimes gain a little power by
                  | taking damage. [demonic ancestry]
  1276 | D:3      | Reached XP level 4. HP: 19/35 MP: 4/4
  2487 | D:4      | Reached XP level 5. HP: 32/42 MP: 5/5
  2550 | D:4      | Noticed an ogre
  2556 | D:4      | HP: 1/42 [ogre/+0 giant club (28)]
  2558 | D:4      | Demolished by an ogre

Illustrated notes

Levels and vault maps discovered:
D:1:      lightli_arrival_farm, layout_loops_ring, kennysheep_small_spiral
D:2:      layout_basic, shapermc_ecumenical_altar_hornbeckon, uniq_terence
D:3:      cheibrodos_helix_gallery, layout_loops_ring, minmay_rat_hole
D:4:      layout_basic, serial_shops, kennysheep_little_box, minmay_surrounded

Skill      XL: |  1  2  3  4 |
---------------+-------------+-----
Axes           | 2 3 |  3.7
Dodging        | 1 2 |  2.0
Fighting       | |  3.9
Armour         | |  2.6
Shields        | |  2.6

Action                   |  1- 3 |  4- 6 || total
-------------------------+-------+-------++-------
Melee: War axe           |    77 |    93 ||   170
  Use: Potion            |     3 |     1 ||     4
       Scroll            |       |     4 ||     4
Armor: Scale mail        |    45 |    59 ||   104
Dodge: Dodged            |    28 |    38 ||    66
Block: Kite shield       |    39 |    58 ||    97

Table legend: (Time is in decaauts)
 A = Elapsed time spent in this place.
 B = Non-inter-level travel time spent in this place.
 C = Inter-level travel time spent in this place.
 D = Time resting spent in this place.
 E = Time spent auto-exploring this place.
 F = Levels seen in this place.
 G = Mean time per level.
                   A        B        C        D        E       F      G
               +--------+--------+--------+--------+--------+-----+--------+
         Total |   2666 |   2595 |     71 |    597 |   1580 |   4 |  666.5 |
       Dungeon |   2666 |   2595 |     71 |    597 |   1580 |   4 |  666.5 |
               +--------+--------+--------+--------+--------+-----+--------+

Top non-repeatable levels by time:
     D:2: 1230 daAuts
     D:3: 1147 daAuts
     D:4: 268 daAuts
     D:1: 20 daAuts
